 Dungeon Crawl Stone Soup version 0.18.1-50-g88ac8fd (webtiles) character file.

406 Chiseanne the Skirmisher (level 6, -2/51 HPs)
             Began as a Centaur Air Elementalist on Oct 2, 2016.
             Was an Initiate of Gozag.
             Slain by an ogre
             ... wielding a +0 giant club
              (12 damage)
             ... on level 4 of the Dungeon.
             The game lasted 00:10:12 (5653 turns).

Chiseanne the Skirmisher (Centaur Air Elementalist) Turns: 5653, Time: 00:10:13

Health: -2/51      AC:  6    Str: 10    XL:     6   Next: 56%
Magic:  3/10       EV: 10    Int: 16    God:    Gozag
Gold:   92         SH:  0    Dex: 10    Spells: 3 memorised, 4 levels left

rFire  . . .     SeeInvis .     a - +3 dagger
rCold  . . .     Gourm    .     h - +0 robe
rNeg   . . .     Faith    .     (no shield)
rPois  .         Spirit   .     n - +0 helmet
rElec  .         Dismiss  .     (no cloak)
rCorr  .         Reflect  .     i - +0 pair of gloves
SustAt .         Harm     .     (no barding)
MR     .....                    (no amulet)
Stlth  +.........               (no ring)
                                (no ring)

@: very slightly contaminated, very quick, not resistant to hostile
enchantments, very unstealthy
A: hooves 3, deformed body, speed 2, tough skin 3
a: Potion Petition, Call Merchant, Bribe Branch, Renounce Religion


You were on level 4 of the Dungeon.
You worshipped Gozag.
Gozag was noncommittal.
You were not hungry.

You visited 1 branch of the dungeon, and saw 4 of its levels.

You collected 159 gold pieces.
You paid 67 gold pieces to Gozag.

Inventory:

Hand Weapons
 a - a +3 dagger (weapon)
 q - a +0 rapier
Missiles
 e - 173 stones (quivered)
 f - 51 arrows
 t - 22 bolts
 x - 17 sling bullets
 y - 6 tomahawks
 C - a throwing net
Armour
 h - a +0 robe (worn)
 i - a +0 pair of gloves (worn)
 n - a +0 helmet (worn)
Jewellery
 k - an uncursed ring of see invisible {unknown}
Scrolls
 g - a scroll of recharging
 o - 2 scrolls of immolation
 z - 2 scrolls of blinking
Potions
 d - a potion of degeneration {unknown}
 j - 2 potions of might
 l - 2 potions of brilliance {unknown}
 r - a potion of flight {unknown}
 u - a potion of cure mutation {unknown}
 v - 4 potions of heal wounds {unknown}
 w - 2 potions of curing
 A - a potion of lignification {unknown}
 B - a potion of magic {unknown}
Books
 b - a book of Air

   Spells                             Type                      Level
   a - Shock                          Conjuration/Air              1
   b - Swiftness                      Charms/Air                   2
   c - Repel Missiles                 Charms/Air                   2
   d - Static Discharge               Conjuration/Air              3
   e - Lightning Bolt                 Conjuration/Air              5
Comestibles
 c - 5 bread rations
 m - a royal jelly
 p - 6 chunks of flesh
 s - a meat ration


   Skills:
 * Level 3.4 Fighting
 * Level 2.8 Dodging
 - Level 1.2 Stealth
 * Level 2.9 Spellcasting
 * Level 2.9 Conjurations
 - Level 2.6 Air Magic


You had 4 spell levels left.
You knew the following spells:

 Your Spells              Type           Power        Failure   Level  Hunger
a - Shock                 Conj/Air       ##..         8%          1    #......
b - Repel Missiles        Chrm/Air       #.....       17%         2    ##.....
c - Static Discharge      Conj/Air       ##......     17%         3    ###....


Dungeon Overview and Level Annotations

Branches:
Dungeon (4/15)
 Temple: D:4-7

Altars:
Gozag
Kikubaaqudgha
Ru
Trog


Innate Abilities, Weirdness & Mutations

You have hooves in place of feet.
Armour fits poorly on your strangely shaped body.
You cover ground very quickly.
You have extremely tough skin (AC +3).


Message History

Confirm with . or Enter, or press ? or * to list all spells.
Aiming: Shock
Press: ? - help, Shift-Dir - straight line, f/p - ogre
Aim: an ogre, wielding a giant club (heavily wounded)
The zap hits the ogre.
The ogre is severely wounded.
The ogre hits you with a giant club!
* * * LOW HITPOINT WARNING * * *
Casting: Shock
Confirm with . or Enter, or press ? or * to list all spells.
Aiming: Shock
Press: ? - help, Shift-Dir - straight line, f/p - ogre
Aim: an ogre, wielding a giant club (severely wounded)
The zap hits the ogre.
The ogre is severely wounded.
You hit the ogre.
The ogre is almost dead.
The ogre hits you with a giant club!
You die...
Your body crumbles into a pile of gold.

#÷# #....≈≈≈≈≈≈≈≈ ####.####
#.....P...... ........#
###..........
....##..####......####.
...##........####.# #
...##..####### #.# .# #
.........# #.# ##.##..
......##.########O####......
###.####.##.....@......#..#
##..........######.##...#.###
....######'####.........#.#>.
##..# #.....#..#####...#...## #
##.#####.#.#.###..<÷.)....<..##..
...#...#.._..#......<............
#..#...#.#.#.#....##########.####
#>...###.....#########.......#
#.##.######### ##.....#####.#


You could see an ogre.

Vanquished Creatures
  An ogre (D:4)
  A howler monkey (D:4)
  2 iguanas (D:3)
  A worker ant (D:3)
  8 gnolls
  5 adders
  2 oozes
  An adder skeleton (D:4)
  A worm (D:2)
  2 dart slugs
  An orc (D:4)
  4 giant cockroaches
  5 goblins
  5 hobgoblins
  9 jackals
  2 quokkas (D:4)
  A ball python (D:3)
  6 bats
  A giant gecko skeleton (D:4)
  4 giant newts
  7 kobolds (D:1)
  9 rats
78 creatures vanquished.

Notes
Turn   | Place    | Note
--------------------------------------------------------------
     0 | D:1      | Chiseanne the Centaur Air Elementalist began the quest for the Orb.
     0 | D:1      | Reached XP level 1. HP: 14/14 MP: 3/3
   271 | D:1      | Reached skill level 1 in Conjurations
   527 | D:1      | Reached skill level 1 in Fighting
   544 | D:1      | Reached XP level 2. HP: 18/23 MP: 4/4
  1346 | D:1      | Reached XP level 3. HP: 25/28 MP: 5/5
  2439 | D:2      | Noticed a moth of wrath
  2447 | D:2      | Found a bloodstained altar of Trog.
  2993 | D:3      | Reached skill level 2 in Fighting
  3141 | D:3      | Reached XP level 4. HP: 29/36 MP: 0/7
  4004 | D:3      | Reached XP level 5. HP: 42/42 MP: 1/8
  4116 | D:3      | Learned a level 2 spell: Repel Missiles
  4120 | D:3      | Learned a level 3 spell: Static Discharge
  4511 | D:3      | Reached skill level 3 in Fighting
  4913 | D:4      | Reached XP level 6. HP: 40/51 MP: 1/9
  5341 | D:4      | Found an ancient bone altar of Kikubaaqudgha.
  5573 | D:4      | Found an opulent altar of Gozag.
  5594 | D:4      | Became a worshipper of Gozag Ym Sagoz the Greedy
  5635 | D:4      | Found a sacrificial altar of Ru.
  5653 | D:4      | Slain by an ogre

Skill      XL: |  1  2  3  4  5 |
---------------+----------------+-----
Conjurations   | 1 2 |  2.9
Fighting       | 1 2 3 |  3.4
Spellcasting   | 2 |  2.9
Dodging        | 2 |  2.8
Stealth        | |  1.2
Air Magic      | |  2.6

Action                   |  1- 3 |  4- 6 || total
-------------------------+-------+-------++-------
Melee: Dagger            |   106 |    62 ||   168
       Kick              |    15 |    13 ||    28
       Unarmed           |     3 |       ||     3
       Short sword       |     7 |       ||     7
 Cast: Shock             |    66 |    93 ||   159
  Use: Scroll            |     4 |     5 ||     9
  Eat: Chunk             |     7 |     8 ||    15
Armor: Robe              |    32 |    30 ||    62
Dodge: Dodged            |    71 |    58 ||   129
